 Dungeon Crawl Stone Soup version 0.22-a0-404-g35e5176 (webtiles) character file.

4767 DrEnzyme the Basher (level 10, -3/76 HPs)
             Began as a Human Wanderer on May 4, 2018.
             Was an Elder of Zin.
             Slain by a worker ant (4 damage)
             ... on level 9 of the Dungeon on May 7, 2018.
             The game lasted 01:19:53 (13470 turns).

DrEnzyme the Basher (Human Wanderer)               Turns: 13470, Time: 01:19:53

Health: -3/76      AC:  9    Str: 15    XL:     10   Next: 75%
Magic:  12/12      EV: 11    Int: 12    God:    Zin [****..]
Gold:   423        SH:  0    Dex: 14    Spells: 9/9 levels left

rFire    + . .     SeeInvis .   a - +2 whip (flame)
rCold    + + .     Gourm    .   (no shield)
rNeg     . . .     Faith    .   H - +1 ring mail {rC+}
rPois    +         Spirit   .   l - +0 helmet
rElec    .         Reflect  .   L - scarf {rC+ rF+}
rCorr    .         Harm     .   m - +0 pair of gloves
MR       +....                  (no boots)
Stlth    +.........             O - amulet of rage
HPRegen  0.00/turn              g - ring of poison resistance
MPRegen  0.13/turn              P - ring of protection from magic

@: about to teleport, very slightly contaminated, heavily drained
A: blink, deterioration 1, inhibited regeneration
a: Blink, Recite, Vitalisation, Imprison, Donate Gold, Renounce Religion, Evoke
Berserk Rage


You were on level 9 of the Dungeon.
You worshipped Zin.
Zin was greatly pleased with you.
You were not hungry.

You visited 2 branches of the dungeon, and saw 10 of its levels.

You collected 469 gold pieces.
You donated 46 gold pieces to Zin.

Inventory:

Hand Weapons
 a - a +2 whip of flaming (weapon)
 b - a +0 blowgun
 h - a +1 whip of venom
 i - a +2 mace
 n - a -2 hand axe
 v - a +2 spear of flaming
 z - a +2 mace
Missiles
 c - 19 poisoned needles
 k - 257 stones (quivered)
Armour
 d - a +2 ring mail
 l - a +0 helmet (worn)
 m - a +0 pair of gloves (worn)
 r - a +0 plate armour
 D - a +0 scale mail
 F - a +0 cloak
 H - a +1 ring mail of cold resistance (worn)
 L - a scarf of resistance (worn)
Jewellery
 g - a ring of poison resistance (left hand)
 O - an amulet of rage (around neck)
 P - a ring of protection from magic (right hand)
Wands
 t - a wand of digging (13)
 A - a wand of flame (38)
 B - a wand of iceblast (13)
Scrolls
 e - 3 scrolls of teleportation
 s - a scroll of fog
 x - 8 scrolls of remove curse
 y - 2 scrolls of amnesia
 N - 3 scrolls of immolation
Potions
 j - 3 potions of brilliance
 o - 2 potions of flight
 q - 3 potions of mutation
 C - 2 potions of curing
 G - 2 potions of cancellation
 J - a potion of haste {unknown}
 K - 4 potions of ambrosia
Comestibles
 f - 13 rations


   Skills:
 + Level 5.8(3.9) Fighting
 + Level 1.4(3.9) Axes
 + Level 8.8(6.8) Maces & Flails
 + Level 1.2(0.0) Polearms
   Level 1.0(0.0) Bows
 + Level 4.8(3.0) Throwing
 * Level 8.3(6.3) Armour
 + Level 4.2(2.4) Dodging
 + Level 2.5(0.8) Stealth
   Level 1.0(0.0) Shields
 + Level 2.8(1.1) Invocations


You had 9 spell levels left.
You didn't know any spells.

Dungeon Overview and Level Annotations

Branches:
Dungeon (9/15)             Temple (1/1) D:4            Lair (0/6) D:9
    Orc: D:9-12

Altars:
Ashenzari
Cheibriados
Dithmenos
Elyvilon
Fedhas
Gozag
Hepliaklqana
Kikubaaqudgha
Makhleb
Nemelex Xobeh
Okawaru
Qazlal
Ru
Sif Muna
Trog
Uskayaw
Vehumet
Wu Jian
Xom
Yredelemnul
Zin
The Shining One

Shops:
D:7 (   D:8 %

Portals:
Abyss: D:8

Annotations:
D:3 exclusion: downstairs
D:4 exclusion: 2 downstairs
D:5 Grinder
D:6 exclusion: 2 downstairs
D:7 Joseph


Innate Abilities, Weirdness & Mutations

You can translocate small distances at will.
Your body sometimes deteriorates upon taking damage.
You do not regenerate when monsters are visible.


Message History

The orc warrior is lightly wounded.
Your surroundings suddenly seem different.
A killer bee comes into view.
The killer bee buzzes angrily.
A killer bee comes into view.
The killer bee buzzes angrily.
A killer bee comes into view.
The killer bee buzzes angrily.
A killer bee comes into view.
The killer bee buzzes angrily.
Found a scale mail and a shimmering ring mail.
A worker ant and a killer bee come into view.
As you read the scroll of teleportation, it crumbles to dust.
You feel strangely unstable. The killer bee barely misses you.
The worker ant bites you.
* * * LOW HITPOINT WARNING * * *
The killer bee stings you.
* * * LOW HITPOINT WARNING * * *
The killer bee completely misses you. The worker ant bites you.
You die...

#########
#.......#
#.......#
#.......#
#....yyy#
#.....a.#
#[...y@y+
#.......#
#......[#
##+######


You could see a worker ant and 5 killer bees.

Vanquished Creatures
  A rust devil (D:8)
  2 orange demons (D:8)
  A spriggan (D:7)
  2 water moccasins (D:5)
  A sky beast (D:6)
  2 black bears
  An ice beast (D:7)
  2 phantoms
  5 ogres
  6 centaurs
  A big kobold (D:5)
  3 bullfrogs
  2 scorpions
  4 wights (D:9)
  3 howler monkeys
  3 crimson imps
  2 jellies
  3 hounds
  7 orc wizards
  2 bullfrog skeletons
  An orc priest (D:5)
  Crazy Yiuf (D:4)
  5 iron imps (D:8)
  Ijyb (D:3)
  4 iguanas
  Natasha (thrice) (D:4)
  6 worker ants
  A killer bee zombie (D:7)
  2 hound zombies
  A howler monkey zombie (D:5)
  Robin (D:3)
  8 adders
  8 gnolls
  2 river rats (D:4)
  A shadow imp (D:6)
  A worm (D:2)
  An adder skeleton (D:5)
  2 adder zombies (D:8)
  2 dart slugs (D:1)
  2 leopard geckos
  26 orcs
  7 giant cockroaches
  7 goblins
  7 hobgoblins
  3 jackals (D:1)
  2 quokkas
  5 ball pythons
  8 bats
  7 frilled lizards
  A jackal zombie (D:8)
  12 kobolds
  2 leopard gecko skeletons
  A quokka skeleton (D:4)
  6 rats
  A spectral orc (D:3)
201 creatures vanquished.

Notes
Turn   | Place    | Note
-------+----------+-------------------------------------------
     0 | D:1      | DrEnzyme the Human Wanderer began the quest for the Orb.
     0 | D:1      | DrEnzyme set off with: a +2 mace, a +0 ring mail, 11 poisoned needles, a +0 blowgun, a ration
     0 | D:1      | Reached XP level 1. HP: 16/16 MP: 1/1
   387 | D:1      | Reached XP level 2. HP: 18/22 MP: 2/2
   956 | D:1      | Reached XP level 3. HP: 23/27 MP: 3/3
  1742 | D:2      | Reached XP level 4. HP: 15/34 MP: 4/4
  2009 | D:2      | Reached skill level 1 in Axes
  2305 | D:2      | Found a sacrificial altar of Ru.
  2841 | D:3      | Found a shadowy altar of Dithmenos.
  2948 | D:3      | Found a glowing golden altar of the Shining One.
  3171 | D:3      | Reached skill level 1 in Dodging
  3171 | D:3      | Reached XP level 5. HP: 34/39 MP: 5/5
  3822 | D:3      | Found a basalt altar of Yredelemnul.
  3976 | D:3      | Noticed Ijyb
  4009 | D:3      | Killed Ijyb
  4009 | D:3      | Reached skill level 1 in Polearms
  4233 | D:4      | Noticed Robin
  4249 | D:3      | Killed Robin
  4249 | D:3      | Reached XP level 6. HP: 46/46 MP: 6/6
  4293 | D:4      | Found a hazy altar of Hepliaklqana.
  4672 | D:4      | Noticed an ogre
  4970 | D:4      | Reached XP level 7. HP: 20/52 MP: 7/7
  5233 | D:4      | Found an ancient bone altar of Kikubaaqudgha.
  5233 | D:4      | Found a snail-covered altar of Cheibriados.
  5234 | D:4      | Found a stormy altar of Qazlal.
  5234 | D:4      | Found a hazy altar of Hepliaklqana.
  5235 | D:4      | Found an ornate altar of the Wu Jian Council.
  5242 | D:4      | Found a shadowy altar of Dithmenos.
  5242 | D:4      | Found a hide-covered altar of Uskayaw.
  5242 | D:4      | Found a sparkling altar of Nemelex Xobeh.
  5242 | D:4      | Found an iron altar of Okawaru.
  5242 | D:4      | Found a sacrificial altar of Ru.
  5245 | D:4      | Found a basalt altar of Yredelemnul.
  5245 | D:4      | Found a shattered altar of Ashenzari.
  5248 | D:4      | Noticed Natasha
  5249 | D:4      | Found a staircase to the Ecumenical Temple.
  5254 | D:4      | Killed Natasha
  5377 | Temple   | Entered the Ecumenical Temple
  5439 | Temple   | Became a worshipper of Zin the Law-Giver
  5439 | Temple   | Reached * piety under Zin
  5740 | D:4      | Noticed Natasha
  5748 | D:4      | Killed Natasha
  5766 | D:4      | Noticed Natasha
  5775 | D:4      | Killed Natasha
  5945 | D:4      | Found a runed door.
  5949 | D:4      | Noticed Crazy Yiuf
  5957 | D:4      | Killed Crazy Yiuf
  5957 | D:4      | Reached skill level 1 in Stealth
  6140 | D:5      | Entered Level 5 of the Dungeon
  6178 | D:4      | Reached skill level 5 in Armour
  6463 | D:5      | Noticed Grinder
  6933 | D:5      | Reached skill level 5 in Maces & Flails
  6933 | D:5      | Reached XP level 8. HP: 31/58 MP: 8/8
  7656 | D:5      | Reached ** piety under Zin
  7918 | D:5      | Gained mutation: Your body sometimes deteriorates upon taking damage. [potion of mutation]
  7918 | D:5      | Gained mutation: You do not regenerate when monsters are visible. [potion of mutation]
  7918 | D:5      | Gained mutation: You can translocate small distances at will. [potion of mutation]
  7956 | D:5      | Found an iron altar of Okawaru.
  8107 | D:5      | Reached XP level 9. HP: 47/65 MP: 9/9
  8838 | D:4      | Upgraded the game from 0.22-a0-398-g8bb545f to 0.22-a0-399-gc4eb3cb
  9615 | D:6      | Found an ancient bone altar of Kikubaaqudgha.
  9667 | D:6      | Found a burning altar of Makhleb.
  9667 | D:6      | Noticed a green death
  9728 | D:6      | Reached *** piety under Zin
 10111 | D:6      | Noticed a hellwing
 10111 | D:6      | Noticed an orange demon
 10145 | D:6      | Found a blossoming altar of Fedhas.
 10266 | D:5      | Found a stormy altar of Qazlal.
 10294 | D:7      | Noticed Joseph
 10531 | D:6      | Upgraded the game from 0.22-a0-399-gc4eb3cb to 0.22-a0-404-g35e5176
 10564 | D:6      | Reached skill level 5 in Fighting
 10775 | D:7      | Found Agoronia's Weapon Boutique.
 10799 | D:7      | Found a radiant altar of Vehumet.
 10964 | D:7      | Reached XP level 10. HP: 72/74 MP: 10/10
 11383 | D:7      | Reached **** piety under Zin
 11709 | D:8      | Found a one-way gate to the infinite horrors of the Abyss.
 11709 | D:8      | Noticed a rust devil
 11709 | D:8      | Noticed an orange demon
 11710 | D:8      | Noticed an orange demon
 11837 | D:8      | Reached skill level 1 in Invocations
 12219 | D:8      | Found a shattered altar of Ashenzari.
 12393 | D:8      | Found a white marble altar of Elyvilon.
 12453 | D:8      | Found Lankuola's Food Shoppe.
 12513 | D:8      | Found a snail-covered altar of Cheibriados.
 12766 | D:9      | Found a staircase to the Lair.
 12880 | D:8      | Killed a rust devil
 12914 | D:8      | Killed an orange demon
 13040 | D:8      | Killed an orange demon
 13469 | D:9      | HP: 1/76 [killer bee (3)]
 13470 | D:9      | Slain by a worker ant

Vault maps used:
D:1:      dpeg_arrival_connections
D:2:      nicolae_ru_awakened_eye
D:3:      yredelemnul_forgotten_temple_becter, lemuel_coloured_pillars_altar,
          serial_park_tiny_1, nicolae_dithmenos_shadow_blocks, uniq_ijyb
D:4:      kennysheep_little_box, temple_doors_ab, portal_sewer_entry_e,
          first_ration, uniq_robin, uniq_crazy_yiuf_cottage, uniq_natasha
D:5:      old_standard_altar, nicolae_overflow_hidden_temple, uniq_grinder
D:6:      fedhas_altar_fruit_tree, old_standard_altar, makhleb_altar_promises_db
D:7:      serial_shops, nicolae_shop_waterfront, basic_altar, the_bakery,
          uniq_joseph
D:8:      ashenzari_conservatory_becter, lemuel_crystal_altar, basic_altar,
          serial_shops, shop, lemuel_hellish_altar
D:9:      dpeg_oklobed_lair, uniq_gastronok
Temple:   hc_temple_tempest_star

Skill      XL: |  1  2  3  4  5  6  7  8  9 10 |
---------------+-------------------------------+-----
Armour         | 3 4 5 6 7 8 |  8.3
Axes           | 1 |  1.4
Dodging        | 1 2 3 4 |  4.2
Polearms       | 1 |  1.2
Fighting       | 3 4 5 |  5.8
Maces & Flails | 4 5 6 7 8 |  8.8
Stealth        | 1 2 |  2.5
Throwing       | 2 4 |  4.8
Invocations    | 2 |  2.8
Bows           | |  1.0
Shields        | |  1.0

Action                   |  1- 3 |  4- 6 |  7- 9 | 10-12 || total
-------------------------+-------+-------+-------+-------++-------
Melee: Mace              |    29 |       |    15 |       ||    44
       Hand axe          |   111 |    61 |       |       ||   172
       Spear             |       |    50 |       |       ||    50
       Whip              |       |   152 |   494 |   181 ||   827
 Fire: Blowgun           |       |       |    43 |    19 ||    62
Throw: Stone             |       |       |     1 |    10 ||    11
Invok: Recite            |       |       |     2 |     9 ||    11
 Abil: Blink             |       |       |       |     2 ||     2
  Use: Scroll            |     3 |     3 |     3 |    13 ||    22
       Potion            |     2 |       |     7 |     1 ||    10
  Eat: Chunk             |     1 |    12 |     9 |     3 ||    25
       Ration            |       |       |     3 |     2 ||     5
Armor: Ring mail         |    65 |   113 |   151 |    46 ||   375
Dodge: Dodged            |    88 |   141 |   232 |    94 ||   555

Table legend:
 A = Spawn XP
 B = Non-spawn XP
 C = Spawn XP percentage of total XP
 D = Spawn monster count
 E = Non-spawn monster count
 F = Spawn count percentage of total count
 G = Total turns spent on level
                    A         B        C        D         E        F      G
               +---------+---------+-------+---------+---------+-------+---------
         Total |       0 |    6810 |   0.0 |       0 |     201 |   0.0 | 13470
               +---------+---------+-------+---------+---------+-------+---------
           D:1 |       0 |      35 |   0.0 |       0 |      16 |   0.0 |  1366
           D:2 |       0 |      85 |   0.0 |       0 |      22 |   0.0 |  1702
           D:3 |       0 |     243 |   0.0 |       0 |      29 |   0.0 |  1636
           D:4 |       0 |     516 |   0.0 |       0 |      32 |   0.0 |  2252
           D:5 |       0 |    1457 |   0.0 |       0 |      39 |   0.0 |  2211
           D:6 |       0 |    1031 |   0.0 |       0 |      14 |   0.0 |  1567
           D:7 |       0 |     749 |   0.0 |       0 |      12 |   0.0 |   898
           D:8 |       0 |    2103 |   0.0 |       0 |      22 |   0.0 |  1266
           D:9 |       0 |     591 |   0.0 |       0 |      15 |   0.0 |   496
               +---------+---------+-------+---------+---------+-------+---------
